Map: Galactic Process LE

Players

Fropez

  • Race: Protoss Protoss
  • League: Gold
  • Spawn Location: 7:00

Squirt - Winner!

  • Race: Terran Terran
  • League: Gold
  • Spawn Location: 1:00

VOD

Have the link to the VOD?

Description

Time

  • Played on: Sept. 21, 2016, 3:53 p.m.
  • Length: 14:41
Show
View Real Time Build Order
Export as new Build Order

Fropez Protoss 

Build Orders:  

Get SALT Encoding   

  12  0:01  Probe (Chrono Boost)  
  13  0:16  Pylon  
  13  0:17  Probe (Chrono Boost)  
  14  0:33  Probe (Chrono Boost)  
  15  0:37  Gateway  
  15  0:46  Probe (Chrono Boost)  
  16  0:55  Assimilator  
  17  0:57  Probe (Chrono Boost)  
  17  1:00  Assimilator  
  17  1:06  Pylon  
  17  1:07  Probe (Chrono Boost)  
  18  1:18  Probe (Chrono Boost)  
  19  1:22  Pylon  
  19  1:31  Pylon  
  19  1:40  Cybernetics Core  
  19  1:41  Probe (Chrono Boost)  
  20  1:52  Probe (Chrono Boost)  
  20  2:02  Probe (Chrono Boost)  
  21  2:17  Nexus  
  21  2:21  Warp Gate (Chrono Boost)  
  21  2:28  Mothership Core  
  23  2:35  Pylon  
  23  2:43  Adept  
  25  2:49  Probe  
  26  3:04  Gateway  
  26  3:05  Probe  
  27  3:17  Adept, Probe  
  30  3:29  Probe x2  
  32  3:39  Probe  
  32  3:40  Pylon  
  32  3:41  Probe  
  36  3:50  Probe  
  36  3:53  Probe  
  38  3:59  Pylon  
  36  4:05  Probe  
  37  4:17  Adept x2  
  39  4:20  Probe x2  
  39  4:21  Assimilator  
  39  4:24  Assimilator  
  43  4:33  Probe  
  44  4:38  Probe  
  44  4:40  Robotics Facility  
  44  4:43  Pylon  
  44  4:45  Probe  
  42  4:58  Pylon  
  42  5:05  Adept x2  
  42  5:06  Pylon  
  46  5:17  Gateway  
  46  5:20  Gateway  
  46  5:31  Adept x2  
  46  5:59  Probe  
  46  6:01  Probe  
  48  6:05  Warp Prism (Chrono Boost)  
  50  6:11  Probe  
  50  6:16  Gateway  
  51  6:18  Gateway  
  51  6:19  Gateway  
  51  6:21  Gateway  
  51  6:23  Gateway  
  51  6:28  Probe x2  
  53  6:32  Nexus  
  53  6:34  Pylon  
  53  6:40  Probe  
  53  6:41  Observer (Chrono Boost)  
  53  6:44  Probe  
  56  6:48  Twilight Council  
  56  6:53  Probe  
  57  6:57  Probe  
  57  7:00  Pylon  
  58  7:07  Probe  
  59  7:12  Adept x4  
  67  7:19  Probe  
  68  7:24  Probe  
  68  7:27  Adept x3  
  68  7:28  Adept x2  
  79  7:32  Probe  
  80  7:40  Probe  
  81  7:45  Adept x3  
  81  7:46  Adept  
  90  7:51  Probe  
  90  7:57  Stalker x3  
  96  8:23  Probe  
  97  8:29  Resonating Glaives (Chrono Boost)  
  93  8:34  Stalker x3  
  93  8:35  Stalker x3  
  105  8:46  Probe  
  105  8:47  Probe  
  103  8:55  Probe  
  103  8:56  Probe  
  103  8:59  Probe  
  106  9:06  Probe  
  106  9:07  Probe  
  108  9:15  Adept  
  108  9:16  Adept x5  
  120  9:19  Assimilator  
  120  9:23  Assimilator  
  120  9:28  Forge x2  
  120  9:33  Pylon  
  120  9:35  Pylon  
  120  9:47  Pylon  
  120  9:51  Pylon  
  120  9:54  Pylon  
  106  11:13  Stalker x5  
  106  11:14  Stalker x3  
  109  11:37  Nexus  
  105  11:40  Assimilator, Stalker x5  
  105  11:41  Stalker x2  
  105  11:45  Assimilator  
  99  11:47  Pylon  
  99  11:48  Pylon  
  81  12:11  Adept x5  
  81  12:12  Adept x4  
  73  12:17  Adept x3  
  73  12:18  Adept x3  
  73  12:19  Adept x3  
  91  12:24  Protoss Ground Weapons Level 1 (Chrono Boost), Protoss Ground Armor Level 1 (Chrono Boost)  
  67  12:49  Probe  
  67  12:50  Probe  
  67  13:23  Probe  
  67  13:24  Probe  
  67  13:25  Probe  
  70  13:38  Pylon  
  70  13:40  Pylon  
  70  13:42  Pylon  
  70  13:44  Probe  
  70  13:47  Dark Shrine  
  71  13:50  Pylon  
  71  13:51  Templar Archives  
  70  14:00  Stalker x3  
  70  14:01  Stalker x5  
  70  14:19  Adept x2  
Show
View Real Time Build Order
Export as new Build Order

Squirt Terran - Winner!

Build Orders: MMM Bio 

Get SALT Encoding   

  12  0:01  SCV  
  13  0:13  SCV  
  14  0:17  Supply Depot  
  14  0:25  SCV  
  15  0:39  SCV  
  16  0:43  Barracks  
  16  0:49  Refinery  
  16  0:51  SCV  
  17  1:03  SCV  
  18  1:25  SCV  
  19  1:37  Marine, SCV, Supply Depot  
  21  1:41  Refinery  
  21  1:43  Refinery  
  21  1:45  Barracks  
  21  1:46  Barracks  
  21  2:10  Orbital Command  
  21  2:20  Barracks Tech Lab  
  21  2:34  Marine x2  
  23  2:50  Marauder  
  25  2:51  Stimpack  
  25  2:53  SCV  
  26  3:03  Factory  
  26  3:07  Marine x2  
  26  3:12  Marauder  
  30  3:16  Engineering Bay  
  30  3:18  SCV  
  31  3:30  Supply Depot  
  31  3:42  Marine x3  
  31  3:45  Terran Infantry Weapons Level 1  
  34  3:49  Factory Tech Lab  
  34  3:54  Starport  
  34  3:58  SCV  
  34  4:01  Marine  
  36  4:03  Marine  
  39  4:17  Marauder  
  39  4:20  Marine  
  39  4:23  Marine  
  41  4:29  Supply Depot  
  41  4:33  Medivac  
  41  4:51  Marine  
  41  4:52  Marine  
  45  5:12  Command Center  
  43  5:16  Marine  
  43  5:17  Marine  
  39  5:42  Liberator  
  37  5:55  Marine x2  
  37  5:56  Marauder  
  39  5:57  Siege Tank  
  45  6:15  Marine x2  
  45  6:18  Barracks  
  47  6:19  Terran Infantry Armor Level 1  
  47  6:21  SCV  
  48  6:26  SCV  
  48  6:29  Marine  
  50  6:38  SCV  
  51  6:41  Orbital Command  
  51  6:49  Widow Mine  
  51  6:53  Medivac  
  55  6:56  Marine x2, Marauder  
  55  6:57  SCV  
  60  7:16  SCV  
  60  7:17  SCV  
  60  7:18  Siege Tank, Marine x2  
  60  7:19  Marauder  
  69  7:36  Marine  
  70  7:45  Supply Depot  
  70  7:48  Supply Depot  
  70  7:52  Supply Depot  
  70  8:06  Marine x3, SCV x2, Marauder  
  77  8:24  Marine  
  77  8:25  Marine  
  77  8:26  Marine  
  80  8:34  SCV x2, Refinery  
  80  8:36  Marine  
  83  8:42  Marine  
  83  8:43  Marine  
  83  8:48  Combat Shields  
  82  8:54  Siege Tank  
  82  8:55  Marine  
  86  8:56  Marauder, Medivac  
  90  9:06  Supply Depot, Command Center  
  90  9:08  Supply Depot  
  90  9:15  Refinery  
  90  9:19  Supply Depot  
  90  9:22  Armory  
  90  9:25  SCV x2  
  90  9:26  Marine  
  90  9:27  Marine x2  
  90  9:28  Marauder  
  90  9:30  Barracks  
  97  9:32  Barracks  
  97  9:44  Siege Tank  
  100  9:45  Medivac  
  100  9:46  Supply Depot  
  100  9:47  Marine x3  
  105  9:53  SCV x2  
  105  9:56  Marauder  
  109  10:30  Marine  
  109  10:31  Marine, Marauder  
  103  11:14  Marine  
  103  11:15  Marine x4, Marauder  
  110  11:32  Marine x2  
  110  11:33  Marine x2  
  110  11:36  Marauder  
  116  11:42  Marine  
  115  11:50  Marine x4  
  115  11:51  Siege Tank  
  121  11:57  Marauder  
  121  12:00  Marine  
  124  12:08  Marine x4  
  128  12:18  Marine  
  128  12:19  Marauder  
  128  12:22  Medivac  
  133  12:23  Siege Tank  
  133  12:26  Marine x3  
  138  12:35  Supply Depot  
  136  12:40  Supply Depot, Marauder  
  136  12:41  Supply Depot, Terran Vehicle And Ship Armor Level 1  
  136  12:42  Orbital Command  
  128  12:44  Marine  
  128  12:45  Marine x3  
  124  12:51  Medivac  
  126  13:26  Orbital Command  
  126  13:37  Marine x4, Marauder  
  126  13:38  Marine  
  133  13:41  Concussive Shells  
  133  13:45  Siege Tank  
  133  13:46  Medivac  
  138  13:55  Marine x5  
  140  13:59  Marauder  
  145  14:15  Marine x5  
  152  14:20  Marauder  
  154  14:26  SCV x3  
Tags
 
Composition
MMM Bio
League
GoldGold
Matchup
PvT
Replay Pack
All Mines
Spawn Locations
Cross Positions
Add a new tag
Caveats
  • Supply blocks, unpowered buildings, or Contaminate may cause inaccurate times.
  • Supply counts are checked every 10 seconds.